 Dungeon Crawl Stone Soup version 0.19.0-19-g8c6edcc (webtiles) character file.

140 MovingMist the Skirmisher (level 5, 0/34 HPs)
             Began as a Gargoyle Fighter on Nov 12, 2016.
             Slain by MovingMist's ghost (12 damage)
             ... on level 3 of the Dungeon.
             The game lasted 00:04:36 (1756 turns).

MovingMist the Skirmisher (Gargoyle Fighter)        Turns: 1756, Time: 00:04:36

Health: 0/34       AC: 16    Str: 20    XL:     5   Next: 22%
Magic:  5/5        EV:  3    Int:  8    God:
Gold:   186        SH:  9    Dex: 10    Spells: 0 memorised, 4 levels left

rFire  + . .     SeeInvis .     a - +0 flail
rCold  . . .     Gourm    .     g - +0 plate armour
rNeg   + . .     Faith    +     c - +0 shield
rPois  ∞         Spirit   .     (no helmet)
rElec  +         Reflect  .     i - +0 cloak (curse)
rCorr  .         Harm     .     (no gloves)
MR     .....                    (no boots)
Stlth  ..........               s - amulet of faith
                                o - ring of flight
                                p - ring of protection from fire

@: no status effects
A: negative energy resistance 1, electricity resistance, unbreathing,
petrification resistance, rot immunity, AC +4
a: Evoke Flight


You were on level 3 of the Dungeon.
You were not hungry.

You visited 1 branch of the dungeon, and saw 3 of its levels.

You collected 186 gold pieces.

Inventory:

Hand Weapons
 a - a +0 flail (weapon)
Missiles
 w - 4 tomahawks (quivered)
Armour
 c - a +0 shield (worn)
 g - a +0 plate armour (worn)
 i - a cursed +0 cloak (worn)
Jewellery
 e - an uncursed ring of positive energy
 o - a ring of flight (right hand)
 p - a ring of protection from fire (left hand)
 s - an amulet of faith (around neck)
Scrolls
 h - 3 scrolls of identify {unknown}
 k - 2 scrolls of immolation {unknown}
 n - 2 scrolls of remove curse {unknown}
 q - a scroll of teleportation {unknown}
 t - a scroll of amnesia {unknown}
Potions
 b - 2 potions of brilliance {unknown}
 d - a potion of might
 l - a potion of invisibility {unknown}
 m - 3 potions of lignification {unknown}
 u - 2 potions of heal wounds {unknown}
Comestibles
 f - 2 bread rations
 j - 3 chunks of flesh
 r - a meat ration
 v - a royal jelly


   Skills:
 * Level 4.7 Fighting
 + Level 3.1 Maces & Flails
 + Level 4.0 Armour
 + Level 3.8 Shields


You had 4 spell levels left.
You didn't know any spells.

Dungeon Overview and Level Annotations

Branches:
Dungeon (3/15)

Altars:
Gozag
Hepliaklqana
Yredelemnul
The Shining One

Annotations:
D:3 MovingMist's ghost, amateur GrFi


Innate Abilities, Weirdness & Mutations

You are resistant to torment.
Your stone body is resilient. (AC +4)
You are immune to poison.
You resist negative energy. (rN+)
You are resistant to electric shocks. (rElec)
You can survive without breathing.
You are immune to petrification.
You are immune to rotting.


Message History

MovingMist's ghost ripples.
MovingMist's ghost hits you.
A kobold comes into view.
Your shield and plate armour prevent you from hitting MovingMist's ghost.
MovingMist's ghost is lightly damaged.
The kobold shouts!
MovingMist's ghost completely misses you.
You closely miss MovingMist's ghost.
MovingMist's ghost is lightly damaged.
MovingMist's ghost hits you.
MovingMist's ghost hits you but does no damage.
You closely miss MovingMist's ghost.
MovingMist's ghost is lightly damaged.
You block MovingMist's ghost's attack.
You hit MovingMist's ghost but do no damage.
MovingMist's ghost is lightly damaged.
MovingMist's ghost hits you!
The giant cockroach bites you but does no damage.
You block the giant cockroach's attack. MovingMist's ghost hits you!
You die...

<$..### ......# %.....###
## ####........ ..# .
........# ##..# ..#
#......# .....
....###......#...#.#
.......s((...#......
......KW@........#
.......#........#
.......##...#......#
....(.. #...#.######
....... #...#.##### #####
....... #.#.......# #8_8#
#(.....##.#)......# #...#
..................###...#
.. ##....#..<......##.##


You could see MovingMist's ghost, a giant cockroach and a kobold.

Vanquished Creatures
  2 orc priests (D:3)
  2 adders
  An ooze (D:2)
  A worm (D:3)
  A leopard gecko (D:2)
  7 orcs (D:3)
  6 bats
  3 giant cockroaches
  5 goblins
  4 hobgoblins
  3 jackals (D:2)
  4 kobolds
  A quokka (D:2)
  3 frilled lizards
  4 rats (D:1)
47 creatures vanquished.

Notes
Turn   | Place    | Note
-------+----------+-------------------------------------------
     0 | D:1      | MovingMist the Gargoyle Fighter began the quest for the Orb.
     0 | D:1      | Reached XP level 1. HP: 14/14 MP: 1/1
   234 | D:1      | Reached XP level 2. HP: 19/19 MP: 2/2
   809 | D:2      | Reached XP level 3. HP: 19/24 MP: 3/3
  1259 | D:2      | Found a basalt altar of Yredelemnul.
  1259 | D:2      | Found a glowing golden altar of the Shining One.
  1260 | D:2      | Found a hazy altar of Hepliaklqana.
  1441 | D:3      | Reached XP level 4. HP: 24/29 MP: 4/4
  1453 | D:3      | Reached XP level 5. HP: 28/34 MP: 5/5
  1618 | D:3      | Found a faded altar of an unknown god.
  1634 | D:3      | Found an opulent altar of Gozag.
  1744 | D:3      | Noticed MovingMist's ghost (amateur GrFi)
  1756 | D:3      | Slain by MovingMist's ghost

Skill      XL: |  1  2  3  4  5 |
---------------+----------------+-----
Fighting       | 4 |  4.7
Maces & Flails | 3 |  3.1
Armour         | 4 |  4.0
Shields        | |  3.8

Action                   |  1- 3 |  4- 6 || total
-------------------------+-------+-------++-------
Melee: Flail             |   168 |    51 ||   219
Throw: Tomahawk          |       |     2 ||     2
  Eat: Chunk             |     2 |     1 ||     3
Armor: Plate armour      |   125 |    45 ||   170
Dodge: Dodged            |    24 |    10 ||    34
Block: Shield            |   100 |    33 ||   133
